 Dungeon Crawl Stone Soup version 0.29-a0-214-g17f627cfee (webtiles) character file.

Game seed: 8149358275870465241

56 fragbeetle the Bolt Thrower (level 3, -2/21 HPs)
             Began as a Tengu Hunter on Feb 25, 2022.
             Killed from afar by Natasha (5 damage)
             ... with a magic dart
             ... on level 2 of the Dungeon.
             The game lasted 00:02:02 (765 turns).

fragbeetle the Bolt Thrower (Tengu Hunter)           Turns: 765, Time: 00:02:03

Health: -2/21      AC:  4    Str: 12    XL:     3   Next: 97%
Magic:  4/4        EV: 12    Int: 11    God:
Gold:   52         SH:  0    Dex: 16    Spells: 2/2 levels left

rFire   . . .      SeeInvis .   a - +1 hand crossbow
rCold   . . .      Faith    .   (no shield)
rNeg    . . .      Spirit   .   b - +0 leather armour
rPois   .          Reflect  .   (helmet restricted)
rElec   .          Harm     .   (no cloak)
rCorr   .          Rampage  .   g - +0 pair of gloves
Will    .....                   (boots unavailable)
Stlth   ++........              (no amulet)
HPRegen 0.07/turn               (no ring)
MPRegen 0.09/turn               (no ring)

@: no status effects
A: beak, talons 3
a: no special abilities


You were on level 2 of the Dungeon.
You visited 1 branch of the dungeon, and saw 2 of its levels.

You collected 52 gold pieces.

Inventory:

Hand Weapons
 a - a +1 hand crossbow (weapon)
Armour
 b - a +0 leather armour (worn)
 g - a +0 pair of gloves (worn)
Scrolls
 d - a scroll of noise {unknown}
 e - a scroll of enchant weapon {unknown}
 f - a scroll of torment {unknown}
 h - a scroll of teleportation {unknown}
 i - a scroll of magic mapping {unknown}
 j - a scroll of summoning {unknown}
Potions
 c - 2 potions of curing {unknown}
 k - a potion of mutation {unknown}
 l - a potion of ambrosia {unknown}


   Skills:
 - Level 2.0 Fighting
 + Level 6.0 Crossbows
 - Level 2.1 Dodging
 - Level 1.0 Stealth


You had 2 spell levels left.
You didn't know any spells.
Your spell library contained the following spells:

 Spells                   Type           Power      Damage    Failure   Level
 Slow                     Hex            0%         N/A       41%         1
 Confusing Touch          Hex            0%         N/A       80%         3
 Vampiric Draining        Necr           0%         2d6       80%         3


Dungeon Overview and Level Annotations

Branches:
Dungeon (2/15)

Altars:

Annotations:
D:2 Natasha


Innate Abilities, Weirdness & Mutations

You have a beak for a mouth.
You have claws for feet.


Message History

Natasha hisses angrily.
The jackal bites you but does no damage.
Natasha stares at you and mumbles some strange words.
The magic dart hits you. The jackal closely misses you.
You shoot a bolt. The bolt closely misses the jackal.
The jackal misses you. The jackal bites you.
Natasha mumbles some strange words.
The jackal closely misses you. The jackal misses you.
You shoot a bolt.
The bolt hits the jackal but does no damage.
The jackal completely misses you.
The jackal bites you but does no damage.
You shoot a bolt. The bolt misses the jackal.
The jackal bites you.
The crimson imp blinks!
The jackal bites you but does no damage.
You shoot a bolt. The bolt misses the jackal.
The jackal bites you but does no damage.
You shoot a bolt. The bolt closely misses the jackal.
The jackal bites you. The jackal barely misses you.
You shoot a bolt. The bolt hits the jackal.
The jackal is moderately wounded.
The jackal barely misses you. The jackal bites you.
Natasha mumbles some strange words.
You shoot a bolt. The bolt hits the jackal!
You kill the jackal!
You shoot a bolt. The bolt hits Natasha!
Natasha is heavily wounded.
Natasha claws you!
* * * LOW HITPOINT WARNING * * *
Natasha closely misses you.
You are too injured to fight recklessly!
Shoot: a) +1 hand crossbow
Press: ? - help, Q - select action Shift-Dir - straight line, f/p - Natasha
Aim: Natasha (heavily wounded, 60% to hit)
You shoot a bolt. The bolt hits Natasha.
Natasha is severely wounded.
Natasha stares at you and mumbles some strange words.
The magic dart hits you.
You die...

#######...##)#
#..........).#####
#......###...†...#
#......# #>......#
#......# #.......#
#......# #.......#
#......# #.##.####
#......# #.# ..
#######@### #..
... .......h#####.
#.# ...#####5..#
####...# #......#
#.h....# #......#
#..5.### .......


You could see Natasha and a crimson imp (summoned).

Vanquished Creatures
  A worm (D:2)
  An endoplasm (D:2)
  15 goblins
  4 hobgoblins
  4 jackals (D:2)
  9 ball pythons (D:1)
  5 bats (D:1)
  2 frilled lizards (D:1)
  5 kobolds (D:1)
  5 rats
51 creatures vanquished.

Notes
Turn   | Place    | Note
-------+----------+-------------------------------------------
     0 | D:1      | fragbeetle the Tengu Hunter began the quest for the Orb.
     0 | D:1      | Reached XP level 1. HP: 12/12 MP: 2/2
    54 | D:1      | Reached XP level 2. HP: 17/17 MP: 3/3
   112 | D:1      | Reached skill level 5 in Crossbows
   319 | D:1      | Found a faded altar of an unknown god.
   322 | D:1      | Reached XP level 3. HP: 21/21 MP: 4/4
   700 | D:2      | Reached skill level 6 in Crossbows
   750 | D:2      | Noticed Natasha
   765 | D:2      | Killed from afar by Natasha

Illustrated notes

Levels and vault maps discovered:
D:1:      minmay_arrival_shoal_huts, layout_loops_ring,
          nicolae_ecumenical_snake_handling
D:2:      layout_basic, grunt_decor_resistance, mrwooster_statue_mirror,
          uniq_robin, uniq_natasha

Skill      XL: |  1  2  3 |
---------------+----------+-----
Crossbows      | 5 6 |  6.0
Fighting       | |  2.0
Dodging        | |  2.1
Stealth        | |  1.0

Action                   || total
-------------------------++-------
 Fire: Hand crossbow     ||   129
Armor: Leather armour    ||    18
Dodge: Dodged            ||    43

Table legend: (Time is in decaauts)
 A = Elapsed time spent in this place.
 B = Non-inter-level travel time spent in this place.
 C = Inter-level travel time spent in this place.
 D = Time resting spent in this place.
 E = Time spent auto-exploring this place.
 F = Levels seen in this place.
 G = Mean time per level.
                   A        B        C        D        E       F      G
               +--------+--------+--------+--------+--------+-----+--------+
         Total |    800 |    787 |     13 |     13 |    527 |   2 |  400.0 |
       Dungeon |    800 |    787 |     13 |     13 |    527 |   2 |  400.0 |
               +--------+--------+--------+--------+--------+-----+--------+

Top non-repeatable levels by time:
     D:1: 665 daAuts
     D:2: 134 daAuts
